 Dungeon Crawl Stone Soup version 0.27.1-16-g815e20cd7a (webtiles) character file.

Game seed: 7343732380370818247

809 riftmaster1123 the Conjurer (level 7, 0/84 HPs)
             Began as a White Draconian Conjurer on Nov 21, 2021.
             Was an Initiate of Sif Muna.
             Succumbed to a water moccasin's poison
             ... on level 4 of the Dungeon.
             The game lasted 00:31:08 (3275 turns).

riftmaster1123 the Conjurer (DrCj)                  Turns: 3275, Time: 00:31:09

Health: 0/84       AC:  8    Str: 10    XL:     7   Next: 61%
Magic:  8/12       EV: 12    Int: 20    God:    Sif Muna [......]
Gold:   235        SH:  0    Dex:  9    Spells: 6/13 levels left

rFire    . . .     SeeInvis .   i - +0 quarterstaff
rCold    + . .     Faith    .   (shield currently unavailable)
rNeg     . . .     Spirit   .   (armour unavailable)
rPois    .         Reflect  .   m - +1 hat {Stlth+}
rElec    .         Harm     .   (no cloak)
rCorr    .         Rampage  .   g - +0 pair of gloves
Will     .....                  (no boots)
Stlth    ..........             (no amulet)
HPRegen  0.24/turn              (no ring)
MPRegen  0.13/turn              (no ring)

@: berserking, lethally poisoned (0 -> -9), very quick
A: breathe frost, AC +6, unfitting armour, cold resistance 1, cold-blooded
a: Breathe Frost, Renounce Religion


You were on level 4 of the Dungeon.
You worshipped Sif Muna.
Sif Muna was noncommittal.
You visited 1 branch of the dungeon, and saw 4 of its levels.

You collected 235 gold pieces.

Inventory:

Hand Weapons
 i - a +0 quarterstaff (weapon)
 p - a +0 scythe
Missiles
 a - 34 arrows
 b - 8 datura-tipped darts
 d - 141 stones
 e - 2 throwing nets (quivered)
Armour
 g - a +0 pair of gloves (worn)
 m - a +1 hat of stealth (worn)
Wands
 c - a wand of paralysis (6)
 o - a wand of polymorph (7)
Scrolls
 h - a scroll of blinking
Potions
 f - a potion of curing {unknown}
 l - a potion of heal wounds
 n - a potion of brilliance {unknown}


   Skills:
 + Level 2.4 Fighting
 - Level 0.1(2.2) Maces & Flails
 + Level 3.7 Staves
 * Level 4.1 Dodging
 + Level 2.2 Stealth
 * Level 3.5 Spellcasting
 * Level 5.5 Conjurations
 * Level 1.7 Translocations


You had 6 spell levels left.
You knew the following spells:

 Your Spells              Type           Power      Damage    Failure   Level
a - Magic Dart            Conj           100%       1d8       1%          1
b - Searing Ray           Conj           50%        3d5       1%          2
c - Iskenderun's Mystic   Conj/Tloc      18%        2d6       30%         4

Your spell library contained the following spells:

 Spells                   Type           Power      Damage    Failure   Level
 Dazzling Flash           Conj/Hex       28%        N/A       13%         3
 Gell's Gravitas          Tloc           5%         N/A       21%         3
 Lesser Beckoning         Tloc           5%         N/A       21%         3
 Teleport Other           Tloc           10%        N/A       21%         3
 Fulminant Prism          Conj/Hex       7%         3d7       41%         4


Dungeon Overview and Level Annotations

Branches:
Dungeon (4/15)             Temple (0/1) D:4

Altars:
Hepliaklqana
Makhleb
Sif Muna
Wu Jian


Innate Abilities, Weirdness & Mutations

You can breathe waves of freezing cold which knock back foes.
Your icy white scales are hard. (AC +6)
You cannot fit into any form of body armour.
Your flesh is cold resistant. (rC+)
You are cold-blooded and may be slowed by cold attacks.


Message History

You feel sick. The water moccasin bites you.
You closely miss the water moccasin.
The water moccasin is almost dead.
You feel sick. The water moccasin barely misses you.
The water moccasin bites you.
* * * LOW HITPOINT WARNING * * *
You are lethally poisoned!
The water moccasin poisons you!
* * * LOW HITPOINT WARNING * * *
You feel very sick. The water moccasin closely misses you.
Casting: Searing Ray (safe; 2% risk of failure)
Confirm with . or Enter, or press ? or * to list all spells.
Aiming: Magic Dart (safe; 1% risk of failure)
Press: ? - help, Shift-Dir - straight line, f/p - water moccasin
Aim: a water moccasin (almost dead, 100% to hit)
The magic dart hits the water moccasin but does no damage.
The water moccasin is almost dead.
* * * LOW HITPOINT WARNING * * *
You feel very sick. The water moccasin bites you.
* * * LOW HITPOINT WARNING * * *
The water moccasin closely misses you.
A red film seems to cover your vision as you go berserk!
You feel yourself moving faster!
You feel mighty!
* * * LOW HITPOINT WARNING * * *
You feel very sick. The water moccasin bites you.
* * * LOW HITPOINT WARNING * * *
You are too berserk!
You are too berserk!
You sock the water moccasin!
You kill the water moccasin!
Sif Muna accepts your kill.
* * * LOW HITPOINT WARNING * * *
You feel sick.
You are too berserk!
You are too berserk!
You are too berserk!
You die...

#.# #.# #>#
#.# #.# #.#
##.## #.#
##.#.##
#######.#
##.###.##
#..<....# #.##
##.##
#.#######
##.###...####
#.#
#.#.......#
#@#
####'''#####.#
#P.......P##.#
#⌠.......⌠##.#
#P.......P##.#
#.........##.#
##8.....8###.#
##.P⌠P.## ..#
#######


There were no monsters in sight!

Vanquished Creatures
  The ghost of Arandomuser the Poker, an amateur MfGl (D:4)
  Sigmund (D:4)
  The ghost of zeram the Caller, an amateur TrSu of Gozag (D:4)
  A water moccasin (D:4)
  An orc priest (D:3)
  Terence (D:2)
  Ijyb (D:3)
  An iguana (D:3)
  2 adders (D:2)
  An ufetubus (D:4)
  2 worms
  A dart slug (D:2)
  12 orcs
  2 endoplasms
  3 giant cockroaches
  8 goblins
  7 hobgoblins
  2 kobolds
  3 quokkas
  4 ball pythons
  5 bats
  3 frilled lizards
  4 rats
67 creatures vanquished.

Notes
Turn   | Place    | Note
-------+----------+-------------------------------------------
     0 | D:1      | riftmaster1123 the Draconian Conjurer began the quest for
                  | the Orb.
     0 | D:1      | Reached XP level 1. HP: 14/14 MP: 3/3
    59 | D:1      | Found a faded altar of an unknown god.
   501 | D:1      | Reached XP level 2. HP: 20/20 MP: 3/5
  1276 | D:2      | Learned a level 2 spell: Searing Ray
  1368 | D:2      | Reached XP level 3. HP: 26/26 MP: 2/6
  1409 | D:2      | Found an ornate altar of the Wu Jian Council.
  1620 | D:2      | Noticed Terence
  1711 | D:2      | Killed Terence
  1712 | D:2      | Reached skill level 1 in Fighting
  1712 | D:2      | Reached XP level 4. HP: 17/35 MP: 4/7
  1979 | D:3      | Found a burning altar of Makhleb.
  2193 | D:3      | Reached XP level 5. HP: 9/40 MP: 2/8
  2566 | D:3      | Found a hazy altar of Hepliaklqana.
  2567 | D:3      | Found a shimmering blue altar of Sif Muna.
  2600 | D:3      | Became a worshipper of Sif Muna the Loreminder
  2778 | D:3      | Noticed Ijyb
  2785 | D:3      | Killed Ijyb
  2786 | D:3      | Reached skill level 1 in Staves
  2786 | D:3      | Reached skill level 5 in Conjurations
  2982 | D:4      | Found a staircase to the Ecumenical Temple.
  3016 | D:4      | Noticed Sigmund
  3028 | D:4      | Killed Sigmund
  3029 | D:4      | Reached XP level 6. HP: 38/48 MP: 1/10
  3034 | D:4      | Learned a level 4 spell: Iskenderun's Mystic Blast
  3076 | D:4      | Found a runed translucent gate.
  3078 | D:4      | Found a runed translucent gate.
  3079 | D:4      | Found a runed translucent gate.
  3080 | D:4      | Noticed Arandomuser's ghost (amateur MfGl)
  3080 | D:4      | Noticed zeram's ghost (amateur TrSu)
  3150 | D:4      | Killed Arandomuser's ghost
  3151 | D:4      | Reached skill level 1 in Translocations
  3151 | D:4      | Your scales start taking on an icy white colour.
  3151 | D:4      | Reached XP level 7. HP: 22/55 MP: 2/11
  3151 | D:4      | Gained mutation: Your flesh is cold resistant. (rC+) [White
                  | Draconian growth]
  3154 | D:4      | Killed zeram's ghost
  3273 | D:4      | HP: 3/84 [water moccasin (4)]
  3274 | D:4      | HP: 1/84 [poisoned by a water moccasin]
  3275 | D:4      | Succumbed to a water moccasin's poison

Illustrated notes

Levels and vault maps discovered:
D:1:      psy_arrival_radial01, layout_loops_corners,
          chequers_ecumenical_altar_simple_redux, minmay_crystal_water
D:2:      layout_loops_ring, basic_altar, uniq_terence
D:3:      minmay_spotlight, layout_basic, amcnicky_altar_gilded,
          mainiacjoe_overflow_divided_tiny, uniq_ijyb
D:4:      layout_loops_ring, minmay_temple_entry_hall, gammafunk_ghost_cemetery,
          uniq_sigmund

Skill      XL: |  1  2  3  4  5  6  7 |
---------------+----------------------+-----
Dodging        | 2 3 4 |  4.1
Fighting       | 1 2 |  2.4
Stealth        | 2 |  2.2
Staves         | 2 3 |  3.7
Conjurations   | 5 |  5.5
Spellcasting   | 3 |  3.5
Translocations | 1 |  1.7
Maces & Flails | |  0.1

Action                   |  1- 3 |  4- 6 |  7- 9 || total
-------------------------+-------+-------+-------++-------
Melee: Club              |    52 |       |       ||    52
       Unarmed           |     2 |       |       ||     2
       Short sword       |    36 |       |       ||    36
       Tailslap          |     2 |     8 |       ||    10
       Quarterstaff      |       |    66 |     9 ||    75
 Cast: Magic Dart        |    27 |    27 |     1 ||    55
       Searing Ray       |     4 |    11 |     1 ||    16
 Abil: Breathe Frost     |       |       |     1 ||     1
Evoke: Wand              |     1 |       |       ||     1
  Use: Scroll            |     8 |     5 |       ||    13
       Potion            |     3 |     3 |     1 ||     7
 Stab: Paralysed         |     3 |       |       ||     3
Armor: Skin              |    52 |    33 |     1 ||    86
Dodge: Dodged            |    84 |    47 |     7 ||   138
